 Dungeon Crawl Stone Soup version 0.26.0-10-g1f06aea511 (webtiles) character file.

Game seed: 1150699883812876513

63 sanka the Skirmisher (level 4, -2/40 HPs)
             Began as a Ghoul Air Elementalist on Jan 23, 2021.
             Slain by a gnoll
             ... wielding a +0 whip
              (5 damage)
             ... on level 2 of the Dungeon.
             The game lasted 00:03:45 (3001 turns).

sanka the Skirmisher (Ghoul Air Elementalist)       Turns: 3001, Time: 00:03:46

Health: -2/40      AC:  6    Str: 11 (12) XL:     4   Next: 9%
Magic:  5/5        EV:  8    Int:  8 (10) God:
Gold:   139        SH:  0    Dex:  8 (9)  Spells: 5/6 levels left

rFire    . . .     SeeInvis .   l - +0 hand axe
rCold    + . .     Faith    .   (no shield)
rNeg     + + +     Spirit   .   f - +0 scale mail
rPois    ∞         Reflect  .   (no helmet)
rElec    .         Harm     .   g - scarf {shadows}
rCorr    .         Rampage  .   (no gloves)
Will     .....                  (no boots)
Stlth    ..........             (no amulet)
HPRegen  0.00/turn              (no ring)
MPRegen  0.09/turn              (no ring)

@: no status effects
A: claws 1, cold resistance 1, negative energy resistance 3, inhibited
regeneration, torment resistance, unbreathing
a: no special abilities


You were on level 2 of the Dungeon.
You visited 1 branch of the dungeon, and saw 3 of its levels.

You collected 139 gold pieces.


Innate Abilities, Weirdness & Mutations

You thrive by killing the living.
You are immune to poison.
You have sharp fingernails.
Your flesh is cold resistant. (rC+)
You are immune to negative energy. (rN+++)
You do not regenerate when monsters are visible.
You are immune to unholy pain and torment.
You can survive without breathing.


   Skills:
 + Level 3.7 Fighting
 * Level 0.7 Axes
 - Level 1.7 Dodging
 - Level 2.1 Stealth
 - Level 1.7 Spellcasting
 - Level 0.7 Conjurations
 - Level 2.4 Air Magic


You had 5 spell levels left.
You knew the following spells:

 Your Spells              Type           Power        Failure   Level
z - Shock                 Conj/Air       4%           77%         1

Your spell library contained the following spells:

 Spells                   Type           Power        Failure   Level
 Swiftness                Air            2%           78%         2
 Static Discharge         Conj/Air       1%           98%         3
 Airstrike                Air            1%           100%        4
 Lightning Bolt           Conj/Air       0%           100%        5

Inventory:

Hand Weapons
 l - a +0 hand axe (weapon)
Missiles
 c - a poisoned dart (quivered)
Armour
 a - a +0 robe
 f - a +0 scale mail (worn)
 g - a scarf of shadows (worn)
Scrolls
 b - 2 scrolls of noise {unknown}
 d - 2 scrolls of identify {unknown}
 e - a scroll of fog {unknown}
 h - 2 scrolls of remove curse {unknown}
 i - a scroll of teleportation {unknown}
Potions
 j - a potion of mutation {unknown}
 k - 2 potions of cancellation {unknown}

Dungeon Overview and Level Annotations

Branches:
Dungeon (3/15)

Altars:
Vehumet

▒▒▒▒▒▒▒▒▒▒▒▒▒
▒...........▒
▒.......▒▒▒.▒
▒........▒▒g▒
▒......(.▒▒n▒
▒.........▒.▒
▒.▒▒▒▒'▒..▒.▒ ▒(▒
▒.▒▒.▒.▒ ▒.▒
▒....▒.▒ ▒.▒
▒▒▒▒▒▒.▒
▒▒▒▒▒▒)▒▒▒▒▒▒▒▒▒.▒
.......>......▒▒.▒
.......)....▒.▒▒.▒


You could see a gnoll.


Message History

Throw: 5 darts (poison)
Aim: a gnoll, wielding a +0 whip (heavily wounded)
You throw a poisoned dart.
The poisoned dart closely misses the gnoll.
The gnoll hits you with a +0 whip.
* * * LOW HITPOINT WARNING * * *
Throw: 4 darts (poison)
Aim: a gnoll, wielding a +0 whip (heavily wounded)
You throw a poisoned dart.
The poisoned dart barely misses the gnoll.
The gnoll hits you but does no damage.
Throw: 3 darts (poison)
Aim: a gnoll, wielding a +0 whip (heavily wounded)
You throw a poisoned dart.
The poisoned dart closely misses the gnoll.
The gnoll closely misses you.
Throw: 2 darts (poison)
Aim: a gnoll, wielding a +0 whip (heavily wounded)
You throw a poisoned dart.
The poisoned dart closely misses the gnoll.
The gnoll hits you with a +0 whip.
* * * LOW HITPOINT WARNING * * *
You closely miss the gnoll.
The gnoll is heavily wounded.
The gnoll hits you but does no damage. The gnoll barely misses you.
You barely miss the gnoll.
The gnoll is heavily wounded.
The gnoll hits you with a +0 whip.
You die...

Action                   |  1- 3 |  4- 6 || total
-------------------------+-------+-------++-------
Melee: Unarmed           |   131 |       ||   131
       Hand axe          |     6 |    16 ||    22
Throw: Dart              |     2 |     8 ||    10
 Cast: Shock             |     8 |       ||     8
  Use: Potion            |     2 |       ||     2
 Stab: Sleeping          |     1 |       ||     1
Armor: Robe              |    24 |       ||    24
       Scale mail        |    27 |    13 ||    40
Dodge: Dodged            |    89 |     7 ||    96

Levels and vault maps discovered:
D:1:      roderic_chinese_lattice_arrival, layout_loops_corners, serial_rivers,
          chequers_serial_rivers_micro_e, chequers_serial_rivers_micro_b,
          chequers_serial_rivers_small_b, chequers_serial_rivers_micro_e
D:2:      layout_basic, fiery_altar_vehumet
D:3:      layout_basic, st_stairs_1, dk_noncrumbling_4, lemuel_statue_altar

Notes
Turn   | Place    | Note
-------+----------+-------------------------------------------
     0 | D:1      | sanka the Ghoul Air Elementalist began the quest for the
                  | Orb.
     0 | D:1      | Reached XP level 1. HP: 14/14 MP: 2/2
   310 | D:1      | Reached skill level 1 in Fighting
   695 | D:1      | Reached XP level 2. HP: 24/24 MP: 1/3
   938 | D:1      | Reached skill level 2 in Fighting
  1578 | D:2      | Found a radiant altar of Vehumet.
  1648 | D:2      | HP: 2/25 [adder (2)]
  1656 | D:2      | Reached skill level 3 in Fighting
  1656 | D:2      | Reached XP level 3. HP: 16/31 MP: 4/4
  2503 | D:2      | HP: 2/31 [gnoll/+0 whip (7)]
  2878 | D:2      | Reached XP level 4. HP: 33/40 MP: 5/5
  2999 | D:2      | HP: 3/40 [gnoll/+0 whip (2)]
  3001 | D:2      | Slain by a gnoll

Vanquished Creatures
  An adder (D:2)
  2 gnolls (D:2)
  A leopard gecko (D:3)
  2 orcs (D:3)
  4 bats
  3 giant cockroaches
  3 goblins
  4 hobgoblins
  2 jackals (D:1)
  3 frilled lizards
  2 kobolds
  3 rats (D:1)
30 creatures vanquished.

Vanquished Creatures (others)
  An adder (D:2)
1 creature vanquished.

Grand Total: 31 creatures vanquished

Table legend: (Time is in decaauts)
 A = Elapsed time spent in this place.
 B = Non-inter-level travel time spent in this place.
 C = Inter-level travel time spent in this place.
 D = Time resting spent in this place.
 E = Time spent auto-exploring this place.
 F = Levels seen in this place.
 G = Mean time per level.
                   A        B        C        D        E       F      G
               +--------+--------+--------+--------+--------+-----+--------+
         Total |   3009 |   2798 |    211 |    909 |   1442 |   3 | 1003.0 |
       Dungeon |   3009 |   2798 |    211 |    909 |   1442 |   3 | 1003.0 |
               +--------+--------+--------+--------+--------+-----+--------+

Top non-repeatable levels by time:
     D:2: 1479 daAuts
     D:1: 1362 daAuts
     D:3: 167 daAuts
